AoeStats
← 根本赢不了

Black Forest

510466359Analyzed
4v4 RM · 6h ago on Oct 1, 2026· 52m 40s· 8 players
Game mode
Random Map
Map size
Large (8 player)
Population
200
Speed
Normal
Resources
Standard
Victory
Conquest
Starting age
Dark Age
Ending age
Imperial Age
RankedLock teamsTeams togetherTeam positionsShared explorationLock speedFull tech treeHidden civsTurbo modeCheats
Victory
Defeat
🇨🇳 Vietnamese · China
1221
+14
🇨🇳 Cumans · China
1186
+21
🇨🇳 Spanish · China
1183
+16
🇨🇳 Italians · China
1119
+18
🇨🇳 Bohemians · China
1239
-19
🇺🇸 Koreans · United States
1234
-18
🇨🇳 Italians · China
1137
-14
🇨🇳 Gurjaras · China
1092
-13
陈乾
1:51 Loom
11:05 Feudal Age
15:25 Castle Age
13:27 Double-Bit Axe
14:35 Horse Collar
22:42 Wheelbarrow
23:33 Bow Saw
24:19 Heavy Plow
29:31 Imperial Age
27:25 Hand Cart
26:58 Town Watch
27:34 Fletching
27:56 Forging
29:40 Ballistics
29:18 Bodkin Arrow
29:24 Padded Archer Armor
29:30 Gold Mining
29:30 Stone Mining
30:08 Thumb Ring
30:26 Bracer
32:04 Chemistry
32:05 Stone Shaft Mining
32:20 Conscription
32:46 Masonry
32:57 Leather Archer Armor
32:08 Elite Skirmisher
35:18 Architecture
35:25 Ring Archer Armor
34:58 Caravan
36:40 Elite Genoese Crossbowman
37:43 Pirotechnia
37:59 Silk Road
38:17 Hoardings
37:51 Scale Barding Armor
38:22 Iron Casting
37:49 Treadmill Crane
38:05 Murder Holes
38:21 Fortified Wall
39:16 Two-Man Saw
38:49 Crop Rotation
39:03 Imperial Skirmisher
40:13 Chain Barding Armor
42:53 Guard Tower
43:18 Capped Ram
47:06 Keep
46:21 Arrowslits
47:27 Husbandry
47:38 Bloodlines
46:49 Light Cavalry
48:07 Plate Barding Armor
48:32 Blast Furnace
52:16 Onager
根本赢不了
8:59 Feudal Age
9:38 Double-Bit Axe
11:44 Horse Collar
14:38 Town Watch
18:25 Wheelbarrow
20:45 Castle Age
18:44 Gold Mining
20:00 Scale Barding Armor
20:05 Forging
20:55 Bloodlines
22:07 Gold Shaft Mining
21:43 Bow Saw
21:34 Heavy Plow
26:59 Chain Barding Armor
27:15 Iron Casting
27:10 Hand Cart
26:40 Loom
33:39 Imperial Age
31:31 Capped Ram
35:45 Plate Barding Armor
34:31 Elite Steppe Lancer
36:13 Blast Furnace
35:51 Plate Barding Armor
34:39 Light Cavalry
35:49 Siege Ram
37:44 Scale Mail Armor
38:25 Stone Mining
40:16 Chain Mail Armor
43:50 Plate Mail Armor
44:50 Squires
44:35 Arson
45:56 Crop Rotation
44:57 Pikeman
46:25 Hussar
47:32 Halberdier
51:00 Fletching
51:11 Padded Archer Armor
02281
4:54 Loom
11:48 Feudal Age
16:06 Castle Age
14:31 Horse Collar
14:43 Double-Bit Axe
23:49 Herbal Medicine
24:10 Fervor
28:54 Imperial Age
27:02 Wheelbarrow
26:19 Town Watch
26:35 Gold Mining
27:00 Bow Saw
26:55 Heavy Plow
28:06 Stone Mining
28:24 Scale Mail Armor
28:35 Forging
29:05 Hand Cart
30:14 Scale Barding Armor
30:19 Forging
31:20 Two-Man Saw
31:25 Chain Barding Armor
32:20 Iron Casting
31:49 Caravan
32:25 Husbandry
32:35 Bloodlines
33:59 Chemistry
33:20 Ballistics
32:39 Onager
32:57 Cavalier
35:01 Plate Barding Armor
35:27 Blast Furnace
35:38 Conscription
35:15 Paladin
37:41 Padded Archer Armor
39:42 Padded Archer Armor
41:12 Light Cavalry
41:56 Capped Ram
42:56 Elite Conquistador
43:02 Hussar
44:01 Leather Archer Armor
44:42 Stone Shaft Mining
44:42 Siege Ram
45:34 Scale Mail Armor
46:05 Ring Archer Armor
44:59 Pikeman
45:39 Squires
45:47 Halberdier
48:04 Chain Mail Armor
49:51 Bombard Tower
49:28 Murder Holes
51:10 Plate Mail Armor
50:30 Fletching
50:30 Arrowslits
50:35 Guard Tower
_OMO_
0:54 Loom
11:26 Feudal Age
12:06 Double-Bit Axe
11:48 Man-at-Arms
17:40 Wheelbarrow
22:27 Castle Age
20:20 Gold Mining
20:27 Stone Mining
20:19 Horse Collar
22:40 Fletching
22:51 Padded Archer Armor
23:13 Gold Mining
27:05 Imperial Age
25:11 Bow Saw
27:23 Fletching
27:55 Ballistics
28:47 Chemistry
28:49 Two-Man Saw
29:06 Ballistics
28:46 Bodkin Arrow
30:21 Heavy Plow
32:59 Hand Cart
35:15 Siege Engineers
37:12 Crossbowman
38:07 Bracer
38:08 Padded Archer Armor
38:28 Murder Holes
38:55 Bombard Tower
39:08 Treadmill Crane
38:50 Arbalester
39:36 Thumb Ring
41:44 Fortified Wall
41:46 Masonry
43:10 Elite Skirmisher
45:25 Coinage
45:06 Guilds
45:40 Imperial Skirmisher
47:19 Crop Rotation
46:42 Capped Ram
50:37 Leather Archer Armor
50:44 Caravan
BittenDork
0:30 Loom
12:14 Feudal Age
17:40 Castle Age
16:41 Double-Bit Axe
22:40 Bow Saw
24:47 Wheelbarrow
31:08 Imperial Age
29:16 Scale Mail Armor
29:27 Forging
29:01 Horse Collar
31:57 Fletching
32:43 Bodkin Arrow
34:59 Chemistry
34:51 Fortified Wall
34:26 Elite Fire Lancer
35:32 Chain Mail Armor
36:59 Hand Cart
39:17 Plate Mail Armor
39:35 Squires
40:21 Gold Mining
41:11 Iron Casting
45:42 Pikeman
46:57 Heavy Plow
46:27 Halberdier
50:32 Caravan
727049154
0:59 Loom
11:15 Feudal Age
12:30 Double-Bit Axe
16:11 Castle Age
14:01 Horse Collar
17:45 Bow Saw
19:58 Wheelbarrow
24:41 Hand Cart
25:20 Heavy Plow
29:51 Imperial Age
28:42 Chemistry
27:48 Scale Mail Armor
27:52 Town Watch
28:22 Forging
30:09 Masonry
30:16 Chain Mail Armor
30:37 Iron Casting
29:23 Pikeman
30:04 Squires
30:58 Conscription
31:45 Two-Man Saw
30:21 Halberdier
32:01 Plate Mail Armor
34:02 Blast Furnace
33:25 Houfnice
34:31 Ballistics
34:29 Town Patrol
34:43 Hussite Reforms
35:47 Guilds
35:37 Caravan
36:25 Arson
36:35 Fletching
37:17 Bombard Tower
37:03 Siege Engineers
38:02 Coinage
38:41 Architecture
38:08 Murder Holes
39:41 Banking
285066173
3:10 Loom
13:02 Feudal Age
18:39 Castle Age
16:59 Double-Bit Axe
18:32 Horse Collar
27:02 Fletching
32:58 Padded Archer Armor
41:42 Bodkin Arrow
43:36 Leather Archer Armor
44:51 Ballistics
46:31 Squires
46:16 Arson
49:37 Imperial Age
50:37 Elite Skirmisher
Lunara
4:52 Loom
11:19 Feudal Age
15:12 Castle Age
13:14 Double-Bit Axe
15:11 Forging
15:42 Scale Barding Armor
20:19 Bow Saw
22:33 Horse Collar
24:35 Heavy Plow
25:49 Bloodlines
25:40 Husbandry
27:03 Wheelbarrow
28:19 Iron Casting
28:29 Gold Mining
28:29 Stone Mining
33:40 Imperial Age
33:07 Chain Barding Armor
32:39 Fletching
33:31 Hand Cart
33:02 Town Watch
33:44 Heavy Camel Rider
35:10 Plate Barding Armor
36:25 Frontier Guards
36:49 Conscription
39:08 Gold Shaft Mining
39:11 Stone Shaft Mining
38:39 Bodkin Arrow
42:55 Caravan
44:55 Elite Shrivamsha Rider
50:22 Scale Mail Armor
Connection lost

Rejoining the realm…

Still unreachable

The connection could not be restored.

Session expired

The server has moved on; the page needs a fresh start.